cohdb
Replays
Latest Replays
All Replays
Popular Replays
Top Player Replays
Match Explorer
How It Works
Community
CoH3 Stats
Reddit
Sign in to upload your games and track your stats! →
Sign in with Steam
Match 40924970
Unlisted
Match 40924970
Overview
Messages
Build Orders
End
Royal Engineer Section
Construct Section Command Post
Selects Heavy Armor Battlegroup
Infantry Section
Infantry Section
Infantry Section
Construct Field Infirmary
Construct Platoon Command Post
ML 3-inch Mortar Team
Unlock M3 Stuart Light Tanks
M3 Stuart Light Tank
Selects Engineer Detachments
Selects Forward Repair Assembly
Infantry Training
Vickers Machine Gun Team
Team Weapon Training
ML 3-inch Mortar Team
Royal Engineer Section
Grenade Package
6-pounder Anti-tank Gun Team
Selects Light Vehicle Withdraw and Refit
Selects Radio Net
Construct Company Command Post
Selects Recon Artillery
Selects UNKNOWN (2162094)
Churchill IV Heavy Tank
Infantry Section
6-pounder Anti-tank Gun Team
Slimey1
^3
0
0
Comments
sign in to comment!
No comments posted yet!